 Dungeon Crawl Stone Soup version 0.29-a0-219-g0a02b1cf4f (webtiles) character file.

Game seed: 10037940530874595278

3338 Hasart the Shooter (level 9, -5/74 HPs)
             Began as a Demigod Hunter on Feb 25, 2022.
             Slain by Harold
             ... wielding a +1 vampiric short sword
              (18 damage)
             ... on level 9 of the Dungeon.
             The game lasted 00:15:00 (9011 turns).

Hasart the Shooter (Demigod Hunter)                 Turns: 9011, Time: 00:15:00

Health: -5/74      AC: 10    Str: 13    XL:     9   Next: 44%
Magic:  11/11      EV: 14    Int: 13    God:
Gold:   526        SH:  0    Dex: 26    Spells: 8/8 levels left

rFire   . . .      SeeInvis .   a - +1 shortbow
rCold   . . .      Faith    .   (shield currently unavailable)
rNeg    . . .      Spirit   .   h - +0 swamp dragon scales
rPois   +          Reflect  .   (no helmet)
rElec   .          Harm     .   (no cloak)
rCorr   .          Rampage  .   r - +0 pair of gloves
Will    +....                   x - +0 pair of boots
Stlth   +++.......              n - amulet of the acrobat
HPRegen 0.22/turn               p - ring of willpower
MPRegen 0.12/turn               (no ring)

@: no status effects
A: high MP 1, forlorn, divine attributes
a: no special abilities


You were on level 9 of the Dungeon.
You visited 1 branch of the dungeon, and saw 9 of its levels.

You collected 526 gold pieces.

Inventory:

Hand Weapons
 a - a +1 shortbow (weapon)
 c - a +2 dagger of venom
Armour
 h - +0 swamp dragon scales (worn)
 r - a +0 pair of gloves (worn)
 x - a +0 pair of boots (worn)
Jewellery
 n - an amulet of the acrobat (around neck)
 p - a ring of willpower (left hand)
Wands
 s - a wand of charming (4)
 A - a wand of mindburst (12)
 B - a wand of polymorph (11)
Scrolls
 b - 2 scrolls of fear
 f - 2 scrolls of vulnerability
 g - 3 scrolls of enchant weapon
 m - 4 scrolls of immolation
 o - 2 scrolls of blinking
 q - a scroll of holy word
 t - 3 scrolls of teleportation
 y - a scroll of silence
 C - a scroll of enchant armour
Potions
 d - 4 potions of curing
 i - 3 potions of haste
 j - 4 potions of heal wounds
 k - a potion of degeneration
 l - a potion of mutation
 u - 2 potions of brilliance
 v - a potion of magic
 w - 2 potions of flight
 z - 3 potions of lignification


   Skills:
 + Level 5.1 Fighting
 * Level 7.9 Bows
 + Level 4.3 Armour
 + Level 5.1 Dodging
 + Level 5.2 Stealth
 + Level 4.1 Evocations


You had 8 spell levels left.
You didn't know any spells.
Your spell library contained the following spells:

 Spells                   Type           Power      Damage    Failure   Level
 Ignite Poison            Fire/Tmut/Pois 0%         N/A       88%         3
 Mephitic Cloud           Conj/Pois/Air  0%         N/A       88%         3
 Tukima's Dance           Hex            0%         N/A       88%         3
 Anguish                  Hex/Necr       0%         N/A       99%         4
 Freezing Cloud           Conj/Ice/Air   0%         6-21      100%        5
 Enfeeble                 Hex            0%         N/A       100%        7


Dungeon Overview and Level Annotations

Branches:
Dungeon (9/15)             Temple (0/1) D:6            Lair (0/6) D:8
    Orc: D:9-12

Shops:
D:3 (

Annotations:
D:7 2 transporters, RNPValinor's ghost, novice DsFi
D:8 3 runed translucent doors, anonymous's ghost, novice NaGl; kae's ghost, novice DsTm
D:9 Harold


Innate Abilities, Weirdness & Mutations

You have an increased reservoir of magic. (+10% MP)
You shall have no god before yourself.
Your divine heritage dramatically boosts your attributes as you level up.


Message History

You kill the killer bee!
You feel sick.
Harold hits you with a +1 vampiric short sword!
You shoot an arrow. The arrow completely misses Harold.
The arrow barely misses the killer bee.
You feel sick.
Harold points at you and mumbles some strange words.
You barely resist. You shoot an arrow. The arrow barely misses Harold.
The arrow hits the killer bee!
The killer bee is almost dead.
You feel sick. Harold shouts, "Can you die now?
I had plans for the rest of the day!"
Harold closely misses you.
You shoot an arrow.
The arrow hits Harold but does no damage.
Harold is lightly wounded.
You feel sick.
Harold hits you with a +1 vampiric short sword!
Harold draws strength from your wounds!
Harold hits you with a +1 vampiric short sword!
Harold draws strength from your wounds!
You are too injured to fight recklessly!
Unknown command.
Shoot: a) +1 shortbow
Press: ? - help, Q - select action, (/) - cycle Shift-Dir - straight line, f/p - Harold
Aim: Harold, wielding a +1 vampiric short sword, wearing a +0 scale mail of willpower and quivering 2 throwing nets (lightly wounded, 79% to hit)
You shoot an arrow. The arrow hits Harold!
Harold is lightly wounded.
You feel sick.
Harold hits you with a +1 vampiric short sword!
* * * LOW HITPOINT WARNING * * *
Shoot: a) +1 shortbow
Press: ? - help, Q - select action, (/) - cycle Shift-Dir - straight line, f/p - Harold
Aim: Harold, wielding a +1 vampiric short sword, wearing a +0 scale mail of willpower and quivering 2 throwing nets (lightly wounded, 79% to hit)
You shoot an arrow. The arrow hits Harold!
Harold is moderately wounded.
You feel sick.
You are no longer poisoned.
Harold hits you with a +1 vampiric short sword!!
You die... #.. #.# #.# #.# ##.## yy.

#@# #@#
#........
#........
#.#######
#.# #.#
#.# #.#


You could see Harold and 2 killer bees.

Vanquished Creatures
  A hornet (D:7)
  5 yaks
  An orc warrior (D:8)
  3 black bears
  A centaur (D:8)
  2 phantoms
  A kobold brigand (D:8)
  4 bullfrogs
  2 scorpions
  A killer bee (D:9)
  3 howler monkeys (D:8)
  5 wights (D:6)
  2 hounds
  4 jellies
  A gnoll shaman (D:8)
  3 orc priests
  Natasha (twice) (D:3)
  4 orc wizards
  16 gnolls
  5 adders
  A shadow imp (D:6)
  A white imp (D:6)
  An ufetubus (D:6)
  2 worms
  5 dart slugs
  20 orcs
  8 bats
  8 endoplasms
  A giant cockroach (D:4)
  8 goblins
  4 hobgoblins
  4 jackals (D:2)
  6 kobolds
  9 quokkas
  7 ball pythons
  A frilled lizard (D:3)
  4 rats
156 creatures vanquished.

Vanquished Creatures (collateral kills)
  Maggie (D:7)
  A gnoll (D:7)
  5 kobolds (D:8)
7 creatures vanquished.

Vanquished Creatures (others)
  A hornet (D:7)
  6 plants (D:7)
  6 withered plants (D:8)
13 creatures vanquished.

Grand Total: 176 creatures vanquished

Notes
Turn   | Place    | Note
-------+----------+-------------------------------------------
     0 | D:1      | Hasart the Demigod Hunter began the quest for the Orb.
     0 | D:1      | Reached XP level 1. HP: 17/17 MP: 3/3
    45 | D:1      | Reached skill level 1 in Stealth
   125 | D:1      | Reached XP level 2. HP: 24/24 MP: 4/4
   693 | D:2      | Reached skill level 4 in Bows
   724 | D:2      | HP: 1/24 [poisoned by an adder]
   729 | D:2      | Reached XP level 3. HP: 11/29 MP: 5/5
  1923 | D:2      | You fall into a shaft and drop 1 floor!
  1930 | D:3      | Reached XP level 4. HP: 37/37 MP: 6/6
  1952 | D:3      | Found Syasurry's Antique Weapon Shop.
  2465 | D:3      | Noticed Natasha
  2474 | D:3      | Killed Natasha
  2550 | D:3      | Reached XP level 5. HP: 27/42 MP: 7/7
  2725 | D:3      | Noticed Natasha
  2729 | D:3      | Killed Natasha
  2730 | D:3      | Reached skill level 1 in Armour
  3370 | D:4      | Reached skill level 5 in Bows
  3370 | D:4      | Reached XP level 6. HP: 47/50 MP: 8/8
  3434 | D:4      | Reached skill level 1 in Evocations
  3860 | D:5      | Entered Level 5 of the Dungeon
  4399 | D:5      | Reached XP level 7. HP: 43/57 MP: 9/9
  4892 | D:6      | Found a staircase to the Ecumenical Temple.
  5440 | D:6      | Reached skill level 6 in Bows
  6019 | D:6      | Reached XP level 8. HP: 45/66 MP: 10/10
  6514 | D:7      | Noticed Maggie
  6515 | D:7      | Noticed a hornet
  6528 | D:7      | Killed Maggie
  6634 | D:7      | Found a transporter.
  6634 | D:7      | Found a transporter.
  6651 | D:7      | Noticed a hornet
  6664 | D:7      | Killed a hornet
  6870 | D:7      | Noticed RNPValinor's ghost (novice DsFi)
  6987 | D:7      | Reached skill level 7 in Bows
  7361 | D:7      | Identified the ring of Dulig {rElec rF+ rN+ Will+ AC+4}
  7542 | D:7      | HP: 3/67 [yak (1)]
  7857 | D:8      | Reached XP level 9. HP: 69/72 MP: 11/11
  8043 | D:8      | Reached skill level 5 in Fighting
  8043 | D:8      | Reached skill level 5 in Dodging
  8043 | D:8      | Reached skill level 5 in Stealth
  8366 | D:8      | Found a runed translucent gate.
  8367 | D:8      | Found a runed translucent gate.
  8367 | D:8      | Found a runed translucent gate.
  8369 | D:8      | Noticed kae's ghost (novice DsTm)
  8373 | D:8      | Noticed anonymous's ghost (novice NaGl)
  8832 | D:8      | Found a staircase to the Lair.
  9004 | D:9      | Noticed Harold
  9011 | D:9      | Slain by Harold

Illustrated notes

Levels and vault maps discovered:
D:1:      zaba_arrival_water, layout_loops_ring,
          shapermc_ecumenical_altar_flowoftime
D:2:      layout_basic
D:3:      layout_loops_ring, serial_shops, shop, uniq_natasha
D:4:      layout_loops_corners, grunt_ministairs_14, grunt_decor_mini_mirrors,
          nrook_uturn
D:5:      layout_basic, old_standard_altar
D:6:      layout_basic, minmay_temple_entry_proselytizer,
          kennysheep_generic_room_9
D:7:      layout_rooms, okawaru_altar_gauntlet_db,
          gammafunk_ghost_gnarly_gnolls, uniq_maggie
D:8:      layout_basic, mainiacjoe_overflow_surrounded_room, lemuel_round_altar,
          lair_entry_dummy, gammafunk_ghost_cemetery, enter_bailey_6
D:9:      layout_loops_ring, serial_shops, nicolae_shop_overgrown_old_shop,
          kennysheep_cross_room, uniq_harold

Skill      XL: |  1  2  3  4  5  6  7  8  9 |
---------------+----------------------------+-----
Stealth        | 1 2 3 4 5 |  5.2
Fighting       | 2 3 4 5 |  5.1
Dodging        | 2 3 4 5 |  5.1
Bows           | 4 5 6 7 |  7.9
Armour         | 1 2 3 4 |  4.3
Evocations     | 1 2 3 4 |  4.1

Action                   |  1- 3 |  4- 6 |  7- 9 || total
-------------------------+-------+-------+-------++-------
Melee: Dagger            |     3 |       |       ||     3
 Fire: Shortbow          |   125 |   179 |   349 ||   653
Evoke: Wand              |       |       |     3 ||     3
  Use: Potion            |     1 |       |       ||     1
       Scroll            |       |       |    20 ||    20
Armor: Leather armour    |    21 |       |       ||    21
       Ring mail         |     2 |    44 |    25 ||    71
       Swamp dragon scal |       |       |    55 ||    55
Dodge: Dodged            |    38 |    47 |   165 ||   250

Table legend: (Time is in decaauts)
 A = Elapsed time spent in this place.
 B = Non-inter-level travel time spent in this place.
 C = Inter-level travel time spent in this place.
 D = Time resting spent in this place.
 E = Time spent auto-exploring this place.
 F = Levels seen in this place.
 G = Mean time per level.
                   A        B        C        D        E       F      G
               +--------+--------+--------+--------+--------+-----+--------+
         Total |   9234 |   9003 |    231 |   1130 |   6040 |   9 | 1026.0 |
       Dungeon |   9234 |   9003 |    231 |   1130 |   6040 |   9 | 1026.0 |
               +--------+--------+--------+--------+--------+-----+--------+

Top non-repeatable levels by time:
     D:6: 1558 daAuts
     D:7: 1505 daAuts
     D:4: 1315 daAuts
     D:2: 1262 daAuts
     D:8: 1160 daAuts
     D:3: 924 daAuts
     D:5: 786 daAuts
     D:1: 707 daAuts
     D:9: 13 daAuts
